 Dungeon Crawl Stone Soup version 0.32-a0-893-gf85d74f360 (webtiles) character file.

Game seed: 13593874565989416617

93 PriceMaster the Gusty (level 4, -2/24 HPs)
             Began as a Tengu Air Elementalist on Apr 3, 2024.
             Killed by their own static electricity (3 damage)
             ... on level 3 of the Dungeon.
             The game lasted 00:02:24 (1775 turns).

PriceMaster the Gusty (Tengu Air Elementalist)      Turns: 1775, Time: 00:02:25

Health: -2/24      AC:  2    Str:  8    XL:     4   Next: 62%
Magic:  2/9        EV: 12    Int: 17    God:
Gold:   125        SH:  0    Dex: 15    Spells: 2/8 levels left

rFire   . . .        i - +4 whip
rCold   . . .        (no shield)
rNeg    . . .        a - +0 robe
rPois   +            (helmet restricted)
rElec   .            (no cloak)
rCorr   .            (no gloves)
SInv    .            (boots unavailable)
Will    .....        (no amulet)
Stlth   ++           (no ring)
HPRegen 0.24/turn    (no ring)
MPRegen 0.11/turn

%: acrobat
@: very slightly contaminated
A: beak, talons 3, acrobatic, poison resistance, MP-powered wands
a: no special abilities


You were on level 3 of the Dungeon.
You visited 1 branch of the dungeon, and saw 3 of its levels.

You collected 125 gold pieces.

Inventory:

Hand Weapons
 f - a +0 dagger
 i - a +4 whip (weapon)
Armour
 a - a +0 robe (worn)
Wands
 p - a wand of charming (4)
Scrolls
 c - a scroll of fear {unknown}
 g - a scroll of identify {unknown}
 h - a scroll of revelation {unknown}
 j - a scroll of fog {unknown}
 k - a scroll of enchant weapon {unknown}
 m - a scroll of enchant armour {unknown}
 o - a scroll of teleportation {unknown}
Potions
 b - a potion of magic
 d - a potion of attraction
 n - a potion of cancellation


   Skills:
 + Level 0.2 Maces & Flails
 + Level 2.8 Dodging
 + Level 2.4 Stealth
 + Level 0.1 Unarmed Combat
 + Level 2.7 Spellcasting
 + Level 2.3 Conjurations
 + Level 5.1 Air Magic


You had 2 spell levels left.
You knew the following spells:

 Your Spells              Type           Power      Damage    Failure   Level
a - Shock                 Conj/Air       60%        1d6       3%          1
b - Static Discharge      Conj/Air       30%        3-5/arc   6%          2
c - Swiftness             Air            19%        N/A       6%          3

Your spell library contained the following spells:

 Spells                   Type           Power      Damage    Failure   Level
 Cigotuvi's Dreadful Rot  Necr/Alch/Air  16%        N/A       14%         2
 Airstrike                Air            9%         2d(2-18)  22%         4
 Ignite Poison            Fire/Alch      2%         N/A       87%         4
 Freezing Cloud           Conj/Ice/Air   5%         6-21      87%         5


Dungeon Overview and Level Annotations

Branches:
Dungeon (3/15)

Altars:

Shops:
D:2 :


Innate Abilities, Weirdness & Mutations

You have a beak for a mouth.
You have claws for feet.
You can magically evade attacks while moving or waiting.
Your system is resistant to poisons. (rPois)
You expend magic power (3 MP) to strengthen your wands.


Message History

The zap hits the orc.
The orc is lightly wounded.
The orc wizard closely misses you.
It was a potion of attraction.
You feel attractive to monsters. The orc wizard completely misses you.
The orc closely misses you.
It was a potion of mutation.
You feel extremely strange.
You feel your magical essence link to the dungeon's wands.
You feel resistant to poisons. The orc wizard barely misses you.
The orc barely misses you.
It was a potion of ambrosia.
You are confused.
You feel invigorated. The orc wizard closely misses you.
The orc hits you but does no damage.
It was a potion of cancellation.
Your magical effects are unravelling.
You feel magically purged.
You feel less invigorated.
You feel less confused.
The orc wizard gestures at you while chanting.
The magic dart hits you! The orc hits you with a +0 whip.
* * * LOW HITPOINT WARNING * * *
You feel less attractive to monsters.
Okay, then.
Casting: Shock (safe; 3% risk of failure)
Confirm with . or Enter, or press ? or * to list all spells.
Okay, then.
Casting: Swiftness (quite dangerous; 6% risk of failure)
Confirm with . or Enter, or press ? or * to list all spells.
You miscast Static Discharge.
You are very lightly contaminated with residual magic.
Nothing appears to happen.
The orc wizard closely misses you. The orc hits you with a +0 whip.
* * * LOW HITPOINT WARNING * * *
Unknown command.
Casting: Static Discharge (safe; 6% risk of failure)
Confirm with . or Enter, or press ? or * to list all spells.
The orc wizard is struck by an arc of lightning.
The orc wizard is heavily wounded.
You are struck by an arc of lightning.
You die...

.. #.## #...#
##.#..# ###
.......: ..#
.#..#..#. ..#
.#..#..#.o#o.#
.#..#..#..#@.#
#..#..#).#)..#
..#..#..#†.#.#
.........)...##
...####.#........
............####.
...####.#...#
#.#####
...####.####


You could see an orc wizard and an orc.

Vanquished Creatures
  An orc wizard (D:3)
  An adder (D:2)
  2 ribbon worms (D:2)
  A dart slug (D:1)
  3 orcs (D:3)
  5 endoplasms
  5 giant cockroaches
  4 goblins
  3 hobgoblins
  6 kobolds
  2 quokkas (D:1)
  6 ball pythons
  2 bats
  A frilled lizard (D:1)
  3 rats
45 creatures vanquished.

Notes
Turn   | Place    | Note
-------+----------+-------------------------------------------
     0 | D:1      | PriceMaster the Tengu Air Elementalist began the quest for
                  | the Orb.
     0 | D:1      | Reached XP level 1. HP: 10/10 MP: 4/4
   227 | D:1      | Reached XP level 2. HP: 15/15 MP: 1/6
   561 | D:1      | Reached XP level 3. HP: 16/19 MP: 7/7
   724 | D:1      | Learned a level 2 spell: Static Discharge
   728 | D:1      | Learned a level 3 spell: Swiftness
  1290 | D:2      | Found Xeilod's Vocational Training.
  1666 | D:3      | Reached XP level 4. HP: 24/24 MP: 5/8
  1753 | D:3      | Reached skill level 5 in Air Magic
  1771 | D:3      | Gained mutation: You expend magic power (3 MP) to
                  | strengthen your wands. [potion of mutation]
  1771 | D:3      | Gained mutation: Your system is resistant to poisons.
                  | (rPois) [potion of mutation]
  1774 | D:3      | HP: 1/24 [orc/+0 whip (5)]
  1775 | D:3      | Killed from afar by themself

Illustrated notes

Levels and vault maps discovered:
D:1:      sevenhm_arrival_forest_fort_small_6, layout_basic, chequers_garden
D:2:      layout_basic, nicolae_shop_vocational
D:3:      layout_loops_ring, minmay_misc_feat_diagonals

Skill      XL: |  1  2  3  4 |
---------------+-------------+-----
Conjurations   | 2 |  2.3
Air Magic      | 5 |  5.1
Maces & Flails | |  0.2
Dodging        | |  2.8
Stealth        | |  2.4
Unarmed Combat | |  0.1
Spellcasting   | |  2.7

Action                     |  1- 3 |  4- 6 || total
---------------------------+-------+-------++-------
  Melee: Dagger            |    24 |       ||    24
         Kick              |     8 |     5 ||    13
         Peck              |     6 |     2 ||     8
         Unarmed           |     2 |       ||     2
         Whip              |     6 |    10 ||    16
   Cast: Shock             |    44 |    12 ||    56
         Swiftness         |     2 |       ||     2
         Static Discharge  |     2 |       ||     2
    Use: Potion            |       |     4 ||     4
   Stab: Sleeping          |     5 |       ||     5
 Armour: Robe              |    20 |    10 ||    30
  Dodge: Dodged            |    23 |    20 ||    43

Table legend: (Time is in decaauts)
 A = Elapsed time spent in this place.
 B = Non-inter-level travel time spent in this place.
 C = Inter-level travel time spent in this place.
 D = Time resting spent in this place.
 E = Time spent auto-exploring this place.
 F = Levels seen in this place.
 G = Mean time per level.
                   A        B        C        D        E       F      G
               +--------+--------+--------+--------+--------+-----+--------+
         Total |   1772 |   1699 |     73 |      0 |   1445 |   3 |  590.7 |
       Dungeon |   1772 |   1699 |     73 |      0 |   1445 |   3 |  590.7 |
               +--------+--------+--------+--------+--------+-----+--------+

Top non-repeatable levels by time:
     D:2: 884 daAuts
     D:1: 775 daAuts
     D:3: 112 daAuts
